TOP OF THE 1ST |
Tri-City Dust Devils batting - Pitching for Boise Hawks : LHP Yoshiya Yokoyama
|
Pitching: LHP Yoshiya Yokoyama
|
|
Batting: RHB Jaden Scott
|
0-0: Called Strike 0-1: Ball 1-1: Swinging Strike 1-2: Strikes out swinging
|
Batting: LHB Ramon Vega
|
0-0: Foul Ball, location: 2F 0-1: Fly out, F8 (Line Drive, 8LD, EV 108.1 MPH)
|
Batting: RHB Mike Maserang
|
0-0: Called Strike 0-1: SINGLE (Line Drive, 5D, EV 97.5 MPH)
|
Batting: LHB Sammy Roddenberry
|
0-0: Ball 1-0: Foul Ball, location: 2F 1-1: Ball 2-1: Swinging Strike 2-2: Reached on error, E6 (Groundball, 6M, EV 105.0 MPH) Mike Maserang to second
|
Batting: RHB Rich Justice
|
0-0: Called Strike 0-1: Swinging Strike 0-2: Foul Ball, location: 2F 0-2: Strikes out swinging
|
Top of the 1st over - 0 runs, 1 hit, 1 error, 2 left on base; Tri-City 0 - Boise 0 |
BOTTOM OF THE 1ST |
Boise Hawks batting - Pitching for Tri-City Dust Devils : RHP Karl Matheson
|
Pitching: RHP Karl Matheson
|
|
Now at 2B: Brent Little
|
|
Batting: RHB Bobby Gulsby
|
0-0: Ball 1-0: Ground out 4-3 (Groundball, 4MD, EV 92.5 MPH)
|
Batting: LHB Matt Steinke
|
0-0: Ball 1-0: Foul Ball, location: 2F 1-1: Ball 2-1: Foul Ball, location: 2F 2-2: Fly out, F7 (Flyball, 7LM, EV 92.5 MPH)
|
Batting: RHB Ernest Olkowicz
|
0-0: Called Strike 0-1: Called Strike 0-2: Ball 1-2: Ball 2-2: Ball 3-2: Reached on error, E6 (Groundball, 6M, EV 85.6 MPH)
|
Batting: RHB Mike Manchester
|
0-0: 2-RUN HOME RUN (Flyball, 7D, EV 102.5 MPH), Distance : 397 ft
|
Batting: LHB Ryan Rodgers
|
0-0: Ground out 3-1 (Groundball, 34S, EV 62.5 MPH)
|
Bottom of the 1st over - 2 runs, 1 hit, 1 error, 0 left on base; Tri-City 0 - Boise 2 |
TOP OF THE 2ND |
Tri-City Dust Devils batting - Pitching for Boise Hawks : LHP Yoshiya Yokoyama
|
Batting: LHB Roger Duque
|
0-0: Ball 1-0: Fly out, F9 (Flyball, 9D, EV 88.1 MPH)
|
Batting: SHB Alex Orozco
|
0-0: Fly out, F8 (Flyball, 8LXD, EV 88.8 MPH)
|
Batting: RHB Brent Little
|
0-0: Foul Ball, location: 2F 0-1: Ball 1-1: Ball 2-1: Foul Ball, location: 2F 2-2: Strikes out swinging
|
Top of the 2nd over - 0 runs, 0 hits, 0 errors, 0 left on base; Tri-City 0 - Boise 2 |
BOTTOM OF THE 2ND |
Boise Hawks batting - Pitching for Tri-City Dust Devils : RHP Karl Matheson
|
Batting: RHB Andy Solorzano
|
0-0: Called Strike 0-1: Ball 1-1: Swinging Strike 1-2: DOUBLE (Groundball, 5L, EV 95.6 MPH)
|
Batting: RHB Max Schellekens
|
0-0: Ball 1-0: Foul Ball, location: 2F 1-1: Ball 2-1: Ground out 5-3 (Groundball, 56S, EV 88.1 MPH)
|
Batting: LHB Eric Zacher
|
0-0: Called Strike 0-1: Called Strike 0-2: Strikes out swinging
|
Batting: LHB Mick Knopp
|
0-0: Swinging Strike 0-1: Ground out 4-3 (Groundball, 4D, EV 98.1 MPH)
|
Bottom of the 2nd over - 0 runs, 1 hit, 0 errors, 1 left on base; Tri-City 0 - Boise 2 |
TOP OF THE 3RD |
Tri-City Dust Devils batting - Pitching for Boise Hawks : LHP Yoshiya Yokoyama
|
Batting: RHB Stephon Hill
|
0-0: Ball 1-0: DOUBLE (Line Drive, 9LM, EV 108.1 MPH)
|
Batting: RHB Jaden Scott
|
0-0: Ball 1-0: Ball 2-0: Ball 3-0: Called Strike 3-1: Swinging Strike 3-2: Foul Ball, location: 2F 3-2: Foul Ball, location: 2F 3-2: Strikes out swinging
|
Batting: LHB Ramon Vega
|
0-0: Swinging Strike 0-1: Ball 1-1: Foul Ball, location: 2F 1-2: Ball 2-2: Strikes out swinging
|
Batting: RHB Mike Maserang
|
0-0: Swinging Strike 0-1: Ground out 4-3 (Groundball, 4S, EV 71.2 MPH)
|
Top of the 3rd over - 0 runs, 1 hit, 0 errors, 1 left on base; Tri-City 0 - Boise 2 |
BOTTOM OF THE 3RD |
Boise Hawks batting - Pitching for Tri-City Dust Devils : RHP Karl Matheson
|
Batting: RHB Bobby Gulsby
|
0-0: Fly out, F8 (Flyball, 89D, EV 92.5 MPH)
|
Batting: LHB Matt Steinke
|
0-0: Ball 1-0: Foul Ball, location: 2F 1-1: Swinging Strike 1-2: Ball 2-2: DOUBLE (Line Drive, 7LM, EV 106.9 MPH)
|
Batting: RHB Ernest Olkowicz
|
0-0: Ground out 1-3 (Groundball, 13, EV 61.2 MPH) Matt Steinke to third
|
Batting: RHB Mike Manchester
|
0-0: Ball 1-0: Ball 2-0: Fly out, F9 (Flyball, 9S, EV 89.4 MPH)
|
Bottom of the 3rd over - 0 runs, 1 hit, 0 errors, 1 left on base; Tri-City 0 - Boise 2 |
TOP OF THE 4TH |
Tri-City Dust Devils batting - Pitching for Boise Hawks : LHP Yoshiya Yokoyama
|
Batting: LHB Sammy Roddenberry
|
0-0: Foul Ball, location: 2F 0-1: Ground out 1-3 (Groundball, 13S, EV 71.2 MPH)
|
Batting: RHB Rich Justice
|
0-0: Called Strike 0-1: Ball 1-1: Called Strike 1-2: Strikes out looking
|
Batting: LHB Roger Duque
|
0-0: Ball 1-0: Foul Ball, location: 2F 1-1: Ball 2-1: Called Strike 2-2: Foul Ball, location: 2F 2-2: Strikes out swinging
|
Top of the 4th over - 0 runs, 0 hits, 0 errors, 0 left on base; Tri-City 0 - Boise 2 |
BOTTOM OF THE 4TH |
Boise Hawks batting - Pitching for Tri-City Dust Devils : RHP Karl Matheson
|
Batting: LHB Ryan Rodgers
|
0-0: Ball 1-0: Swinging Strike 1-1: Fly out, F3 (Line Drive, 3, EV 73.8 MPH)
|
Batting: RHB Andy Solorzano
|
0-0: Ball 1-0: Called Strike 1-1: Fly out, F9 (Line Drive, 9D, EV 90.0 MPH)
|
Batting: RHB Max Schellekens
|
0-0: Called Strike 0-1: Ball 1-1: Foul Ball, location: 2F 1-2: Ball 2-2: Foul Ball, location: 2F 2-2: Ball 3-2: Strikes out looking
|
Bottom of the 4th over - 0 runs, 0 hits, 0 errors, 0 left on base; Tri-City 0 - Boise 2 |
TOP OF THE 5TH |
Tri-City Dust Devils batting - Pitching for Boise Hawks : LHP Yoshiya Yokoyama
|
Batting: SHB Alex Orozco
|
0-0: Ball 1-0: Ball 2-0: Fly out, F7 (Line Drive, 7, EV 98.1 MPH)
|
Batting: RHB Brent Little
|
0-0: Swinging Strike 0-1: Ball 1-1: Ball 2-1: Fly out, F7 (Flyball, 78D, EV 96.2 MPH)
|
Batting: RHB Stephon Hill
|
0-0: Ball 1-0: Swinging Strike 1-1: Called Strike 1-2: Ball 2-2: Strikes out swinging
|
Top of the 5th over - 0 runs, 0 hits, 0 errors, 0 left on base; Tri-City 0 - Boise 2 |
BOTTOM OF THE 5TH |
Boise Hawks batting - Pitching for Tri-City Dust Devils : RHP Karl Matheson
|
Batting: LHB Eric Zacher
|
0-0: Ball 1-0: Fly out, F8 (Flyball, 8LS, EV 86.2 MPH)
|
Batting: LHB Mick Knopp
|
0-0: Ball 1-0: Swinging Strike 1-1: Foul Ball, location: 2F 1-2: Strikes out looking
|
Batting: RHB Bobby Gulsby
|
0-0: Called Strike 0-1: Foul Ball, location: 2F 0-2: Foul Ball, location: 2F 0-2: Foul Ball, location: 2F 0-2: Ball 1-2: Ground out 4-3 (Groundball, 4S, EV 57.5 MPH)
|
Bottom of the 5th over - 0 runs, 0 hits, 0 errors, 0 left on base; Tri-City 0 - Boise 2 |
TOP OF THE 6TH |
Tri-City Dust Devils batting - Pitching for Boise Hawks : LHP Yoshiya Yokoyama
|
Batting: RHB Jaden Scott
|
0-0: Swinging Strike 0-1: Ball 1-1: Ball 2-1: Ball 3-1: Fly out, F9 (Flyball, 9, EV 73.8 MPH)
|
Batting: LHB Ramon Vega
|
0-0: Ball 1-0: Called Strike 1-1: SINGLE (Line Drive, 3D, EV 97.5 MPH)
|
Batting: RHB Mike Maserang
|
0-0: Called Strike Ramon Vega steals 2nd base 0-1: Foul Ball, location: 2F 0-2: Ball 1-2: Ball 2-2: Ball 3-2: Foul Ball, location: 2F 3-2: Base on Balls
|
Pitching: LHP Steve Lima
|
|
Batting: LHB Sammy Roddenberry
|
0-0: Ball 1-0: Ball 2-0: Foul Ball, location: 2F 2-1: Called Strike 2-2: Fly out, F9 (Flyball, 89M, EV 90.0 MPH)
|
Batting: RHB Rich Justice
|
0-0: Ball 1-0: Foul Ball, location: 2F 1-1: Ball 2-1: Ball 3-1: Base on Balls Ramon Vega to third Mike Maserang to second
|
Batting: LHB Roger Duque
|
0-0: Foul Ball, location: 2F 0-1: Called Strike 0-2: Foul Ball, location: 2F 0-2: Ball 1-2: Ball 2-2: Foul Ball, location: 2F 2-2: Strikes out looking
|
Top of the 6th over - 0 runs, 1 hit, 0 errors, 3 left on base; Tri-City 0 - Boise 2 |
BOTTOM OF THE 6TH |
Boise Hawks batting - Pitching for Tri-City Dust Devils : RHP Karl Matheson
|
Batting: LHB Matt Steinke
|
0-0: Fly out, F4 (Line Drive, 4, EV 73.8 MPH)
|
Batting: RHB Ernest Olkowicz
|
0-0: Foul Ball, location: 2F 0-1: SINGLE (Line Drive, 9S, EV 111.2 MPH)
|
Batting: RHB Mike Manchester
|
0-0: Ball 1-0: Called Strike 1-1: Called Strike 1-2: Strikes out swinging
|
Batting: LHB Ryan Rodgers
|
0-0: Ball 1-0: Ball 2-0: Ball 3-0: Called Strike 3-1: Called Strike 3-2: Fly out, F9 (Flyball, 9, EV 98.8 MPH)
|
Bottom of the 6th over - 0 runs, 1 hit, 0 errors, 1 left on base; Tri-City 0 - Boise 2 |
TOP OF THE 7TH |
Tri-City Dust Devils batting - Pitching for Boise Hawks : LHP Steve Lima
|
Pitching: RHP Javier Leon
|
|
Batting: SHB Alex Orozco
|
0-0: Ball 1-0: Called Strike 1-1: Ball 2-1: Called Strike 2-2: Ball 3-2: Strikes out swinging
|
Batting: RHB Brent Little
|
0-0: Swinging Strike 0-1: Ball 1-1: Ball 2-1: Ball 3-1: Base on Balls
|
Batting: RHB Stephon Hill
|
0-0: Ball 1-0: Called Strike 1-1: Foul Ball, location: 2F 1-2: Ball 2-2: Ball Wild Pitch! Brent Little to second 3-2: Strikes out swinging
|
Batting: RHB Jaden Scott
|
0-0: Ground out 6-3 (Groundball, 6, EV 101.2 MPH)
|
Top of the 7th over - 0 runs, 0 hits, 0 errors, 1 left on base; Tri-City 0 - Boise 2 |
BOTTOM OF THE 7TH |
Boise Hawks batting - Pitching for Tri-City Dust Devils : RHP Karl Matheson
|
Batting: RHB Andy Solorzano
|
0-0: Ball 1-0: DOUBLE (Flyball, 8LXD, EV 110.6 MPH)
|
Batting: RHB Max Schellekens
|
0-0: Ground out 4-3 (Groundball, 4, EV 83.1 MPH) Andy Solorzano to third
|
Batting: LHB Eric Zacher
|
0-0: Ball 1-0: Called Strike 1-1: Foul Ball, location: 2F 1-2: Strikes out swinging
|
Batting: LHB Mick Knopp
|
0-0: Ball 1-0: Ball 2-0: Fly out, F9 (Flyball, 9S, EV 84.4 MPH)
|
Bottom of the 7th over - 0 runs, 1 hit, 0 errors, 1 left on base; Tri-City 0 - Boise 2 |
TOP OF THE 8TH |
Tri-City Dust Devils batting - Pitching for Boise Hawks : RHP Javier Leon
|
Pitching: RHP Chad Norris
|
|
Batting: LHB Ramon Vega
|
0-0: Called Strike 0-1: Foul Ball, location: 2F 0-2: Ball 1-2: Ground out 4-3 (Groundball, 4, EV 76.9 MPH)
|
Batting: RHB Mike Maserang
|
0-0: Ball 1-0: Ball 2-0: Swinging Strike 2-1: Ground out 6-3 (Groundball, 6D, EV 105.6 MPH)
|
Batting: LHB Sammy Roddenberry
|
0-0: Ball 1-0: Swinging Strike 1-1: Foul Ball, location: 2F 1-2: Ball 2-2: Strikes out swinging
|
Top of the 8th over - 0 runs, 0 hits, 0 errors, 0 left on base; Tri-City 0 - Boise 2 |
BOTTOM OF THE 8TH |
Boise Hawks batting - Pitching for Tri-City Dust Devils : RHP Karl Matheson
|
Batting: RHB Bobby Gulsby
|
0-0: Called Strike 0-1: Ball 1-1: Ground out 6-3 (Groundball, 6, EV 107.5 MPH)
|
Batting: LHB Matt Steinke
|
0-0: Ball 1-0: Fly out, F8 (Flyball, 8RS, EV 88.1 MPH)
|
Batting: RHB Ernest Olkowicz
|
0-0: DOUBLE (Flyball, 78XD, EV 94.4 MPH)
|
Batting: RHB Mike Manchester
|
0-0: Ground out U3 (Groundball, 34S, EV 83.8 MPH)
|
Bottom of the 8th over - 0 runs, 1 hit, 0 errors, 1 left on base; Tri-City 0 - Boise 2 |
TOP OF THE 9TH |
Tri-City Dust Devils batting - Pitching for Boise Hawks : RHP Chad Norris
|
Pitching: RHP Luis Castillo
|
|
Now in LF: Brent Moody
|
|
Now in RF: Joe Miller
|
|
Batting: RHB Rich Justice
|
0-0: Ball 1-0: Called Strike 1-1: Swinging Strike 1-2: Fly out, F8 (Flyball, 78D, EV 97.5 MPH)
|
Batting: LHB Roger Duque
|
0-0: Ball 1-0: Ball 2-0: Reached on error, E4 (Groundball, 4, EV 107.5 MPH)
|
Batting: SHB Alex Orozco
|
0-0: Called Strike 0-1: Foul Ball, location: 2F 0-2: Strikes out swinging
|
Pinch Hitting: LHB Bill Fortin
|
0-0: Ball 1-0: Ball 2-0: Ground out 4-3 (Groundball, 4, EV 81.9 MPH)
|
Top of the 9th over - 0 runs, 0 hits, 1 error, 1 left on base; Tri-City 0 - Boise 2 |
|